 Dungeon Crawl Stone Soup version 0.26.0-10-g1f06aea511 (console) character file.

Game seed: 10686265787261967388

60 doot the Grave Robber (level 3, -1/19 HPs)
             Began as a Deep Elf Necromancer on Feb 6, 2021.
             Killed from afar by an orc wizard (4 damage)
             ... with a magic dart
             ... on level 3 of the Dungeon.
             The game lasted 00:01:39 (1227 turns).

doot the Grave Robber (Deep Elf Necromancer)        Turns: 1227, Time: 00:01:40

Health: -1/19      AC:  2    Str:  5    XL:     3   Next: 82%
Magic:  6/10       EV: 13    Int: 20    God:
Gold:   62         SH:  0    Dex: 15    Spells: 4/9 levels left

rFire    . . .     SeeInvis .   f - +0 dagger
rCold    . . .     Faith    .   (no shield)
rNeg     . . .     Spirit   .   a - +0 robe
rPois    .         Reflect  .   (no helmet)
rElec    .         Harm     .   (no cloak)
rCorr    .         Rampage  .   (no gloves)
Will     .....                  (no boots)
Stlth    ++........             (no amulet)
HPRegen  0.06/turn              c - ring of wizardry
MPRegen  0.12/turn              (no ring)

@: no status effects
A: no striking features
a: no special abilities


You were on level 3 of the Dungeon.
You visited 1 branch of the dungeon, and saw 3 of its levels.

You collected 62 gold pieces.

Inventory:

Hand Weapons
 f - a +0 dagger (weapon)
Armour
 a - a +0 robe (worn)
Jewellery
 c - a ring of wizardry (left hand)
Scrolls
 b - a scroll of identify {unknown}
 e - a scroll of enchant weapon {unknown}
 g - 2 scrolls of enchant armour {unknown}
 i - a scroll of noise {unknown}
Potions
 d - a potion of resistance {unknown}
 h - a potion of haste {unknown}


   Skills:
 + Level 2.6 Dodging
 + Level 2.6 Stealth
 + Level 3.5 Spellcasting
 + Level 6.2 Necromancy


You had 4 spell levels left.
You knew the following spells:

 Your Spells              Type           Power        Failure   Level
a - Pain                  Necr           100%         1%          1
b - Animate Skeleton      Necr           56%          1%          1
c - Vampiric Draining     Necr           14%          1%          3

Your spell library contained the following spells:

 Spells                   Type           Power        Failure   Level
 Animate Dead             Necr           14%          4%          4
 Apportation              Tloc           6%           6%          1
 Corona                   Hex            3%           6%          1
 Summon Small Mammal      Summ           12%          6%          1
 Agony                    Necr           28%          12%         5


Dungeon Overview and Level Annotations

Branches:
Dungeon (3/15)

Altars:


Message History

Confirm with . or Enter, or press ? or * to list all spells.
Aiming: Pain (safe; 1% risk of failure)
Press: ? - help, Shift-Dir - straight line, f - adder
Aim: an adder (chance to affect: 89%)
The adder writhes in agony.
Casting: Pain (safe; 1% risk of failure)
Confirm with . or Enter, or press ? or * to list all spells.
Aiming: Pain (safe; 1% risk of failure)
Press: ? - help, Shift-Dir - straight line, f/p - adder
Aim: an adder (moderately wounded, chance to affect: 89%)
The adder writhes in agony!
You kill the adder!
A puff of flame appears from out of thin air!
The puff of flame hits you!
Ouch! That really hurt!
* * * LOW HITPOINT WARNING * * *
Unknown command.
A magic dart appears from out of thin air!
The magic dart hits you.
You die...

## .. #.#### #....####
#. #....#
#!#####..@.##
..#.....#.#...########
...{S..{..#.#.........
...?†.....#...########
...........##.##
...............#
....†..$..........
..........###[..##
..........# #.....
........#.# ##....
.##...... #...)


There were no monsters in sight!

Vanquished Creatures
  4 adders
  A worm (D:2)
  2 leopard geckos (D:2)
  2 bats
  2 giant cockroaches
  2 goblins
  A hobgoblin (D:1)
  A frilled lizard (D:1)
  4 kobolds
  4 rats
23 creatures vanquished.

Notes
Turn   | Place    | Note
-------+----------+-------------------------------------------
     0 | D:1      | doot the Deep Elf Necromancer began the quest for the Orb.
     0 | D:1      | Reached XP level 1. HP: 10/10 MP: 6/6
    70 | D:1      | Reached skill level 5 in Necromancy
   214 | D:1      | Reached XP level 2. HP: 11/15 MP: 4/8
   921 | D:2      | Reached XP level 3. HP: 14/19 MP: 4/9
  1101 | D:2      | Learned a level 1 spell: Animate Skeleton
  1105 | D:2      | Learned a level 3 spell: Vampiric Draining
  1221 | D:3      | Reached skill level 6 in Necromancy
  1227 | D:3      | Killed from afar by an orc wizard

Illustrated notes

Levels and vault maps discovered:
D:1:      minmay_arrival_loop, layout_basic, minmay_three_crescents
D:2:      layout_basic, chequers_ecumenical_altar_grove
D:3:      layout_rooms, uniq_ijyb

Skill      XL: |  1  2  3 |
---------------+----------+-----
Necromancy     | 5 6 |  6.2
Dodging        | |  2.6
Stealth        | |  2.6
Spellcasting   | |  3.5

Action                   || total
-------------------------++-------
 Cast: Pain              ||    41
Armor: Robe              ||     3
Dodge: Dodged            ||     8
